 Dungeon Crawl Stone Soup version 0.24-a0-447-ge8da9206dc (webtiles) character file.

Game seed: 8122455981549635535

184392 KristoblXynda the Spry (level 17, -4/89 HPs)
             Began as a Spriggan Berserker on June 25, 2019.
             Was a High Priest of Trog.
             Killed from afar by a tengu reaver (36 damage)
             ... with a bolt of lightning
             ... on level 1 of the Depths.
             The game lasted 01:29:59 (38821 turns).

KristoblXynda the Spry (Spriggan Berserker)        Turns: 38821, Time: 01:30:00

Health: -4/89      AC: 13    Str: 15    XL:     17   Next: 77%
Magic:  29/29      EV: 31    Int: 14    God:    Trog [*****.]
Gold:   186        SH: 11    Dex: 15    Spells: 16/16 levels left

rFire    + + .     SeeInvis +   y - +8 dagger "Mezaxeg" {freeze, rF++}
rCold    + . .     Gourm    .   Q - +0 buckler
rNeg     . . .     Faith    .   J - +3 troll leather armour {Snorg}
rPois    .         Spirit   .   (helmet restricted)
rElec    .         Reflect  +   F - +1 cloak {MR+}
rCorr    .         Harm     .   (gloves unavailable)
MR       +++..                  (boots unavailable)
Stlth    ++++++....             V - +5 amulet of reflection
HPRegen  0.64/turn              A - ring of protection from cold
MPRegen  0.21/turn              L - +2 ring of protection

@: very quick
A: very small, unfitting armour, see invisible, herbivore, speed 3, slow
metabolism 2
a: Berserk, Trog's Hand, Brothers in Arms, Renounce Religion


You were on level 1 of the Depths.
You worshipped Trog.
Trog was extremely pleased with you.
You were not hungry.

You visited 7 branches of the dungeon, and saw 27 of its levels.
You also visited: Bailey and Ice Cave.

You collected 3404 gold pieces.
You spent 3218 gold pieces at shops.

Inventory:

Hand Weapons
 n - a +3 fustibalus of velocity
 y - the +8 dagger "Mezaxeg" (weapon) {freeze, rF++}
   (You found it on level 6 of the Dungeon)

   It has been specially enchanted to freeze those struck by it, causing extra
   injury to most foes and up to half again as much damage against particularly
   susceptible opponents.
   It can also slow down cold-blooded creatures.
   It greatly protects you from fire.
Missiles
 o - 109 sling bullets
 D - 2 throwing nets (quivered)
Armour
 F - a +1 cloak of magic resistance (worn)
 J - a +3 troll leather armour (worn) {Snorg}
 Q - a +0 buckler (worn)
Jewellery
 v - a +3 ring of strength
 A - a ring of protection from cold (left hand)
 L - a +2 ring of protection (right hand)
 O - an uncursed ring of protection from fire
 T - a +5 ring of dexterity
 U - the amulet of Seatiss {Acrobat rF+ rN+ Slay+2}
   (You bought it in a shop on level 1 of the Depths)

   [amulet of the acrobat]

   It helps you evade while moving and waiting.
   It affects your accuracy and damage with ranged weapons and melee attacks
   (+2).
   It protects you from fire.
   It protects you from negative energy.
 V - a +5 amulet of reflection (around neck)
Wands
 k - a wand of paralysis (4)
 u - a wand of digging (10)
 C - a wand of scattershot (2)
 M - a wand of iceblast (7)
 S - a wand of clouds (3)
Scrolls
 a - 12 scrolls of remove curse
 f - a scroll of summoning
 j - a scroll of identify
 l - 4 scrolls of teleportation
 q - 2 scrolls of holy word
 s - 3 scrolls of fear
 t - 2 scrolls of enchant armour
 G - 3 scrolls of immolation
 N - 2 scrolls of blinking
Potions
 b - 5 potions of berserk rage
 d - a potion of ambrosia
 e - 3 potions of cancellation
 g - 4 potions of might
 h - 5 potions of curing
 i - a potion of heal wounds
 m - a potion of magic
 r - 2 potions of flight
 w - 2 potions of agility
 z - 3 potions of haste
 B - 3 potions of invisibility
 E - 4 potions of mutation
 I - a potion of brilliance
Miscellaneous
 p - a lightning rod (4/4)
 K - a phantom mirror
Comestibles
 c - 16 rations


   Skills:
 + Level 10.1 Fighting
 + Level 14.2 Short Blades
 - Level 10.0 Slings
 - Level 9.0 Armour
 + Level 18.1 Dodging
 - Level 15.0 Stealth
 + Level 2.3 Shields
 - Level 15.0 Evocations


You had 16 spell levels left.
You didn't know any spells.
Your spell library contained the following spells:

 Spells                   Type           Power        Failure   Level  Hunger
 Animate Skeleton         Necr           N/A          43%         1    ##.....
 Apportation              Tloc           #.....       43%         1    ##.....
 Beastly Appendage        Tmut           #.....       43%         1    ##.....
 Confusing Touch          Hex            #.....       43%         1    ##.....
 Magic Dart               Conj           #...         43%         1    ##.....
 Summon Small Mammal      Summ           #...         43%         1    ##.....
 Call Imp                 Summ           #.......     58%         2    ###....
 Poisonous Vapours        Pois/Air       #.....       58%         2    ###....
 Searing Ray              Conj           #.....       58%         2    ###....
 Sticks to Snakes         Tmut           #.......     58%         2    ###....
 Sublimation of Blood     Necr           #.........   58%         2    ###....
 Call Canine Familiar     Summ           #.......     82%         3    ####...
 Conjure Flame            Conj/Fire      #.......     82%         3    ####...
 Dazzling Spray           Conj/Hex       #.....       82%         3    ####...
 Ignite Poison            Fire/Tmut/Pois #.......     82%         3    ####...
 Mephitic Cloud           Conj/Pois/Air  #.......     82%         3    ####...
 Spider Form              Tmut/Pois      #.........   82%         3    ####...
 Summon Guardian Golem    Hex/Summ       #.......     82%         3    ####...
 Force Lance              Conj/Tloc      #.......     99%         4    #####..
 Fulminant Prism          Conj/Hex       #.........   99%         4    #####..
 Ice Form                 Ice/Tmut       #.......     99%         4    #####..
 Iskenderun's Mystic Bla  Conj           #.......     99%         4    #####..
 Petrify                  Tmut/Erth      #.......     99%         4    #####..
 Summon Ice Beast         Ice/Summ       #.......     99%         4    #####..
 Summon Lightning Spire   Summ/Air       #.......     99%         4    #####..
 Alistair's Intoxication  Tmut/Pois      #.......     100%        5    ######.
 Blade Hands              Tmut           #.........   100%        5    ######.
 Irradiate                Conj/Tmut      #.........   100%        5    ######.
 Freezing Cloud           Conj/Ice/Air   #.........   100%        6    #######
 Ring of Flames           Chrm/Fire      #.........   100%        7    #######


Dungeon Overview and Level Annotations

Branches:
Dungeon (15/15)            Temple (1/1) D:5            Lair (6/6) D:10
  Swamp (0/4) Lair:2       Spider (1/4) Lair:3        Slime (0/5) Lair:6
    Orc (2/2) D:9             Elf (1/3) Orc:2        Vaults (0/5) D:14
 Depths (1/5) D:15

Altars:
Ashenzari
Cheibriados
Dithmenos
Elyvilon
Fedhas
Gozag
Hepliaklqana
Kikubaaqudgha
Makhleb
Nemelex Xobeh
Okawaru
Qazlal
Ru
Sif Muna
Trog
Uskayaw
Vehumet
Wu Jian
Xom
Yredelemnul
Zin
The Shining One
Beogh

Shops:
Orc:1 =   Orc:2 ?!!*}   Depths:1 }==

Annotations:
Lair:3 exclusion: 2 oklob plants
Lair:5 1 runed translucent door, Rupert; zkyp's ghost, journeyman GrAr


Innate Abilities, Weirdness & Mutations

You are very small and have problems with some larger weapons.
You are too small for most types of armour.
You have supernaturally acute eyesight. (SInv)
You are a herbivore.
You cover ground extremely quickly.
You need to consume almost no food.


Message History

Press: ? - help, Shift-Dir - straight line, f/p - tengu reaver
Aim: a tengu reaver, wielding a +3 great sword of holy wrath and wearing a +2 scale mail of fire resistance (lightly wounded, chance to defeat MR: 47%)
The tengu reaver resists with some effort.
The tengu reaver points at you and mumbles some strange words.
The bolt of lightning misses you.
You hit the tengu reaver but do no damage.
The tengu reaver is lightly wounded.
You closely miss the tengu reaver.
The tengu reaver is lightly wounded.
You hit the tengu reaver but do no damage.
The tengu reaver is lightly wounded.
You block the tengu reaver's attack. The tengu reaver pecks you.
The tengu reaver closely misses you.
You miss the tengu reaver.
The tengu reaver is lightly wounded.
You miss the tengu reaver.
The tengu reaver is lightly wounded.
The tengu reaver points at you and mumbles some strange words.
The bolt of lightning hits you!!!
You die...

♣♣♣♣♣ ♣♣.PP♣
♣♣(∩.P♣ ♣.....♣###
♣.∩.).∩..#
♣P....♣#.#
♣♣.∩=P♣#@#
♣♣.PP♣#Q# ♣♣♣♣♣#.#
##[# #C)# #.## #)#
##########.########
...............D...


You could see a stone giant and a tengu reaver.

Vanquished Creatures
  Agnes (D:14)
  A frost giant (Depths:1)
  A ghost moth (Lair:3)
  An emperor scorpion (Lair:3)
  An orc warlord (Orc:1)
  3 entropy weavers
  Snorg (Orc:2)
  An ettin (Depths:1)
  Josephine (D:11)
  A yaktaur captain (D:15)
  2 fire dragons
  3 vault guards (D:14)
  2 ice dragons (IceCv)
  A rakshasa (Depths:1)
  12 hydras
  2 centaur warriors (D:15)
  5 two-headed ogres
  6 death yaks
  A queen ant (D:13)
  5 orc high priests (Orc:2)
  Urug (D:11)
  Nergalle (Orc:1)
  3 unseen horrors
  4 orc knights (Orc:1)
  A harpy (shapeshifter) (D:15)
  A lindwurm (Lair:6)
  9 ugly things
  A deep elf mage (Orc:2)
  A manticore (D:14)
  An oklob plant (Lair:3)
  3 orc sorcerers
  A cyclops (D:15)
  2 molten gargoyles (Lair:6)
  An ice statue (IceCv)
  6 elephants (Lair:6)
  2 black mambas (Lair:6)
  A spiny frog (shapeshifter) (D:15)
  10 spiny frogs
  3 gargoyles
  4 rime drakes
  9 komodo dragons
  A yaktaur (D:15)
  A freezing wraith (D:15)
  4 trolls
  A polar bear (Lair:2)
  6 meliai
  2 tyrant leeches (Lair:2)
  4 slime creatures (D:13)
  9 blink frogs
  10 dream sheep
  12 hippogriffs
  A vampire (D:15)
  2 spriggans
  Sigmund (D:4)
  A tarantella (Lair:3)
  5 wraiths
  2 redbacks
  A water elemental (Orc:2)
  2 shadows (D:14)
  57 yaks
  5 wyverns
  Eustachio (D:4)
  7 humans (D:14)
  4 basilisks (Lair:6)
  7 vampire mosquitoes
  3 hungry ghosts
  2 steam dragons
  3 swamp worms (Lair:2)
  2 wargs (Orc:1)
  25 soldier ants (D:13)
  10 water moccasins
  2 acid dragons
  6 porcupines
  4 hell hounds (Lair:6)
  3 sky beasts
  48 orc warriors
  15 ice beasts
  3 phantoms
  3 black bears
  A necrophage (D:9)
  2 swamp drakes (Lair:4)
  13 wolves
  4 boggarts (D:15)
  12 ogres
  19 centaurs
  19 crocodiles
  2 big kobolds
  19 bullfrogs
  A wyvern zombie (D:13)
  2 wyvern skeletons
  4 scorpions
  12 killer bees
  2 electric eels (D:9)
  A howler monkey (D:5)
  4 lava snakes (Lair:6)
  12 crimson imps
  A quasit (D:6)
  A bullfrog zombie (D:6)
  4 centaur skeletons
  35 orc priests
  5 hounds
  Terence (D:3)
  4 bullfrog skeletons
  An iguana (D:11)
  12 orc wizards
  29 worker ants
  A killer bee zombie (D:9)
  2 hound skeletons
  A worker ant zombie (D:11)
  Robin (D:4)
  3 gnolls (D:8)
  9 adders
  4 shadow imps
  An adder zombie (D:7)
  3 adder skeletons
  3 worms
  5 dart slugs
  8 leopard geckos
  112 orcs
  9 giant cockroaches
  13 goblins
  12 hobgoblins
  8 jackals
  2 quokkas
  A ball python (D:1)
  A ball python skeleton (D:4)
  8 bats
  5 frilled lizards
  15 kobolds
  A leopard gecko zombie (D:7)
  A quokka skeleton (D:9)
  9 rats
851 creatures vanquished.

Vanquished Creatures (collateral kills)
  Frances (D:14)
  A hydra (Lair:2)
  3 death yaks (Lair:3)
  3 orc knights (Orc:2)
  4 oklob plants (Lair:5)
  An ice statue (IceCv)
  A spiny frog (Lair:2)
  A rime drake (IceCv)
  8 ice beasts (IceCv)
  3 orc warriors (Orc:2)
  A crocodile (Lair:2)
  2 orc priests (Orc:2)
29 creatures vanquished.

Vanquished Creatures (others)
  2 vault guards (D:14)
  2 orc warriors
  A swamp drake (Lair:4)
  2 bullfrogs (Lair:4)
  17 fungi
  15 plants
  2 withered plants (Lair:5)
41 creatures vanquished.

Grand Total: 921 creatures vanquished

Notes
Turn   | Place    | Note
-------+----------+-------------------------------------------
     0 | D:1      | KristoblXynda the Spriggan Berserker began the quest for
                  | the Orb.
     0 | D:1      | Reached XP level 1. HP: 11/11 MP: 2/2
   265 | D:1      | Reached skill level 1 in Stealth
   298 | D:1      | Reached XP level 2. HP: 10/16 MP: 3/3
   929 | D:1      | Reached XP level 3. HP: 14/19 MP: 4/4
  1237 | D:2      | Reached skill level 5 in Dodging
  1439 | D:2      | Reached ** piety under Trog
  1535 | D:2      | Found a faded altar of an unknown god.
  1783 | D:2      | Reached skill level 1 in Evocations
  1795 | D:2      | Reached XP level 4. HP: 20/23 MP: 5/5
  1963 | D:2      | Found a white marble altar of Elyvilon.
  2028 | D:3      | Noticed a sky beast
  2055 | D:3      | Killed a sky beast
  2055 | D:3      | Reached XP level 5. HP: 11/28 MP: 7/7
  2496 | D:3      | Noticed Terence
  2505 | D:3      | Killed Terence
  2505 | D:3      | Reached XP level 6. HP: 32/32 MP: 9/9
  2550 | D:3      | Reached *** piety under Trog
  2580 | D:3      | Reached skill level 6 in Dodging
  3270 | D:4      | Noticed Sigmund
  3270 | D:4      | Noticed Robin
  3339 | D:4      | Killed Robin
  3479 | D:4      | Reached skill level 5 in Stealth
  3483 | D:4      | Reached XP level 7. HP: 22/36 MP: 10/10
  3506 | D:4      | Reached skill level 5 in Short Blades
  3729 | D:4      | Killed Sigmund
  3729 | D:4      | Reached skill level 7 in Dodging
  3844 | D:4      | Noticed Eustachio
  3848 | D:4      | Killed Eustachio
  3854 | D:4      | Reached **** piety under Trog
  3860 | D:4      | Received a gift from Trog
  3951 | D:4      | Reached skill level 5 in Evocations
  3951 | D:4      | Reached XP level 8. HP: 37/42 MP: 12/12
  4360 | D:5      | Entered Level 5 of the Dungeon
  4388 | D:5      | Found a shadowy altar of Dithmenos.
  4495 | D:5      | Found a staircase to the Ecumenical Temple.
  4644 | D:5      | Reached skill level 8 in Dodging
  4686 | Temple   | Entered the Ecumenical Temple
  5194 | D:5      | Found a glowing golden altar of the Shining One.
  5722 | D:6      | Reached skill level 5 in Fighting
  5722 | D:6      | Reached XP level 9. HP: 38/47 MP: 14/14
  6104 | D:6      | Got a transparent dagger
  6105 | D:6      | Identified the +8 dagger "Mezaxeg" {freeze, rF++} (You
                  | found it on level 6 of the Dungeon)
  6347 | D:7      | Reached skill level 9 in Dodging
  6717 | D:7      | Reached skill level 1 in Armour
  7682 | D:8      | Noticed a two-headed ogre
  7693 | D:8      | Killed a two-headed ogre
  7693 | D:8      | Reached skill level 10 in Dodging
  7865 | D:8      | Reached skill level 10 in Stealth
  7865 | D:8      | Reached XP level 10. HP: 47/51 MP: 17/17
  8451 | D:9      | Reached ***** piety under Trog
  8540 | D:9      | Found a blossoming altar of Fedhas.
  9086 | D:9      | You fall into a shaft and drop 2 floors!
  9092 | D:11     | Noticed Josephine
  9348 | D:11     | Killed Josephine
  9349 | D:11     | Reached skill level 11 in Dodging
  9757 | D:11     | Noticed a purple ugly thing
  9778 | D:11     | Killed a purple ugly thing
 10146 | D:11     | Noticed an unseen horror
 10160 | D:11     | Killed an unseen horror
 10160 | D:11     | Reached XP level 11. HP: 18/55 MP: 19/19
 10468 | D:11     | Noticed a two-headed ogre
 10659 | D:11     | Noticed Urug
 10741 | D:11     | Reached skill level 10 in Evocations
 10751 | D:11     | Killed a two-headed ogre
 10772 | D:11     | Reached skill level 12 in Dodging
 10776 | D:11     | Killed Urug
 11090 | D:11     | Noticed an unseen horror
 11112 | D:11     | Killed an unseen horror
 11598 | D:10     | Entered Level 10 of the Dungeon
 11750 | D:10     | Identified a scroll of acquirement
 11977 | D:10     | Found a staircase to the Lair.
 12093 | D:10     | Reached skill level 10 in Short Blades
 12093 | D:10     | Reached skill level 5 in Armour
 12664 | D:9      | Found an ancient bone altar of Kikubaaqudgha.
 12821 | D:9      | Received a gift from Trog
 12868 | D:9      | Found a staircase to the Orcish Mines.
 13286 | D:9      | Found a burning altar of Makhleb.
 13409 | D:12     | Noticed a two-headed ogre
 13425 | D:12     | Killed a two-headed ogre
 13674 | D:12     | Reached XP level 12. HP: 37/60 MP: 21/21
 13897 | D:12     | Reached skill level 13 in Dodging
 14132 | D:12     | Found a glowing golden altar of the Shining One.
 14215 | D:13     | Noticed a queen ant
 14231 | D:13     | Killed a queen ant
 14232 | D:13     | Noticed an entropy weaver
 14237 | D:13     | Noticed an entropy weaver
 14462 | Lair:1   | Entered Level 1 of the Lair of Beasts
 15146 | Lair:1   | Found a glowing golden altar of the Shining One.
 15542 | Lair:2   | Noticed a six-headed hydra
 15554 | Lair:2   | Killed a six-headed hydra
 15916 | Lair:2   | Noticed a six-headed hydra
 16156 | Lair:2   | Noticed a seven-headed hydra
 16178 | Lair:2   | Killed a six-headed hydra
 16180 | Lair:2   | Killed a seven-headed hydra
 16182 | Lair:2   | Reached skill level 14 in Dodging
 16282 | Lair:2   | Found a staircase to the Swamp.
 16593 | Lair:2   | Noticed a six-headed hydra
 16615 | Lair:2   | Killed a nine-headed hydra
 16960 | Lair:2   | Reached XP level 13. HP: 48/66 MP: 23/23
 17463 | Lair:3   | Paralysed by a floating eye for 2 turns
 17520 | Lair:3   | Received a gift from Trog
 18075 | Lair:3   | Found a hole to the Spider Nest.
 20240 | Lair:4   | Reached skill level 15 in Stealth
 21551 | Lair:5   | Found a runed translucent door.
 21554 | Lair:5   | Noticed zkyp's ghost (journeyman GrAr)
 21589 | Lair:5   | Reached skill level 15 in Dodging
 21626 | Lair:5   | Noticed Rupert
 21684 | Lair:5   | HP: 3/67 [death yak (15)]
 23304 | Lair:5   | Received a gift from Trog
 23718 | Lair:6   | Entered Level 6 of the Lair of Beasts
 23822 | Lair:6   | Reached skill level 1 in Slings
 23822 | Lair:6   | Reached XP level 14. HP: 31/72 MP: 24/24
 24639 | Lair:6   | Found a large runed translucent door.
 24640 | Lair:6   | Found a large runed translucent door.
 25690 | Lair:6   | Found a staircase to the Slime Pits.
 26316 | D:13     | Killed an entropy weaver
 27190 | D:13     | Reached skill level 5 in Slings
 27229 | D:13     | Received a gift from Trog
 27410 | D:13     | Reached skill level 16 in Dodging
 27410 | D:13     | Reached XP level 15. HP: 77/78 MP: 26/26
 28006 | D:13     | Received a gift from Trog
 28661 | D:14     | Found a frozen archway.
 28783 | D:14     | Found a shimmering altar of Xom.
 28807 | IceCv    | Entered an ice cave
 29067 | IceCv    | Reached skill level 17 in Dodging
 29674 | D:14     | Found a shimmering altar of Xom.
 29679 | D:14     | Noticed Agnes
 29720 | D:14     | Killed Agnes
 29811 | D:14     | Found a shimmering altar of Xom.
 29812 | D:14     | Found a shimmering altar of Xom.
 29813 | D:14     | Found a shimmering altar of Xom.
 29866 | D:14     | Reached XP level 16. HP: 84/84 MP: 27/27
 30413 | D:14     | Noticed Frances
 30655 | Orc:1    | Entered Level 1 of the Orcish Mines
 30655 | Orc:1    | Noticed Nergalle
 30672 | Orc:1    | Killed Nergalle
 30721 | Orc:1    | Found a flagged portal.
 30721 | Orc:1    | Found Pycauti's Jewellery Boutique.
 30734 | Orc:1    | Bought a +4 amulet of reflection for 459 gold pieces
 30759 | Bailey   | Entered a bailey
 30792 | Bailey   | Received a gift from Trog
 31688 | Bailey   | Reached skill level 10 in Fighting
 31688 | Bailey   | Reached XP level 17. HP: 89/89 MP: 28/28
 32370 | Orc:2    | Entered Level 2 of the Orcish Mines
 32370 | Orc:2    | Found a staircase to the Elven Halls.
 32990 | Orc:2    | Received a gift from Trog
 33114 | Orc:2    | Found Taicizaa's Gadget Emporium.
 34891 | Orc:2    | Bought a wand of paralysis (11) for 169 gold pieces
 34975 | Orc:2    | Found a roughly hewn altar of Beogh.
 35101 | Orc:2    | Noticed Snorg
 35106 | Orc:2    | Killed Snorg
 35238 | Orc:2    | Received a gift from Trog
 35497 | Orc:2    | Found Kaulepn's Assorted Antiques.
 35497 | Orc:2    | Found Ceti's Magic Scroll Shoppe.
 35498 | Orc:2    | Found Siapuawa's Distillery.
 35498 | Orc:2    | Found Nebutucu's Distillery.
 35505 | Orc:2    | Bought a scroll of enchant armour for 135 gold pieces
 35508 | Orc:2    | Bought a potion of heal wounds for 70 gold pieces
 35562 | Elf:1    | Entered Level 1 of the Elven Halls
 35868 | Spider:1 | Entered Level 1 of the Spider Nest
 36601 | D:14     | Reached skill level 10 in Slings
 36640 | D:14     | Killed Frances
 36897 | D:14     | Found a gate to the Vaults.
 37017 | D:15     | Entered Level 15 of the Dungeon
 37081 | D:15     | Reached skill level 1 in Shields
 38051 | D:15     | Found a shattered altar of Ashenzari.
 38090 | D:15     | Reached skill level 15 in Evocations
 38472 | D:15     | Found a staircase to the Depths.
 38500 | D:15     | Reached skill level 18 in Dodging
 38634 | Depths:1 | Entered Level 1 of the Depths
 38647 | Depths:1 | Found Duabim's Gadget Shop.
 38647 | Depths:1 | Found Soqeod's Jewellery Emporium.
 38648 | Depths:1 | Found Xaosi's Jewellery Emporium.
 38663 | Depths:1 | Bought a wand of clouds (3) for 441 gold pieces
 38665 | Depths:1 | Bought a +5 ring of dexterity for 576 gold pieces
 38665 | Depths:1 | Bought the amulet of Seatiss {Acrobat rF+ rN+ Slay+2} for
                  | 792 gold pieces
 38665 | Depths:1 | Bought a +5 amulet of reflection for 576 gold pieces
 38821 | Depths:1 | Killed from afar by a tengu reaver

Levels and vault maps discovered:
D:1:      kilobyte_arrival_exit_the_forest, layout_rooms, minmay_small_reverse_x
D:2:      layout_loops_cross, elyvilon_altar_3, chequers_ecumenical_altar_grove
D:3:      layout_rooms, uniq_terence
D:4:      layout_basic, uniq_eustachio, uniq_sigmund, uniq_robin
D:5:      layout_cave_pools, nicolae_overflow_hidden_temple,
          grunt_dithmenos_smoke, temple_statues, first_ration
D:6:      layout_loops_corners, kennysheep_small_square
D:7:      layout_cave_pools, the_bakery, minmay_misc_feat_hallway,
          kennysheep_doodads
D:8:      layout_loops_corners, serial_glass, glass_columns_b, glass_columns_a
D:9:      layout_loops_ring, grunt_temple_overflow_growth_and_decay,
          makhleb_blood_cavern_becter, erik_orc_2
D:10:     layout_roguey, lair_entry_dummy, minmay_misc_feat_enclosed
D:11:     layout_small_grid, minmay_mirror_moons_of_madness, uniq_urug,
          uniq_josephine
D:12:     layout_roguey, tso_altar
D:13:     layout_layer_cave, minivault_29
D:14:     layout_rooms, ximxim_vaults_locker_room,
          portal_ice_cave_entry_ice_beasts, xom_shifter_show, uniq_frances,
          uniq_agnes
D:15:     grunt_enter_depths_snipers, layout_loops_ring, ashenzari_altar_1
Temple:   regret_index_temple_sphere_string
Lair:1:   layout_gridlike, basic_altar, st_stairs_13
Lair:2:   layout_small_grid, palyth_hydra_swamp_entry,
          grunt_forest_stairs_clearing, lemuel_fruit_tree
Lair:3:   layout_chaotic_city, spider_nest_entry_rubble, disabler_island
Lair:4:   layout_layer_cave, pond
Lair:5:   layout_cave_shapes, gammafunk_ghost_grave, grunt_megastairs_3,
          minmay_lair_oklob_chamber, uniq_rupert
Lair:6:   cheibrodos_lair_end_hotspot, layout_concentric_octagons,
          dpeg_slime_entry_corner, serial_forest, infiniplex_forest_straight_3,
          infiniplex_forest_corner_2, infiniplex_forest_zigzag_2,
          infiniplex_forest_split, infiniplex_forest_end_2,
          infiniplex_forest_end_2, infiniplex_forest_3_way
Spider:1: layout_spider_delve
Orc:1:    layout_caves, enter_bailey_8, serial_shops, shop, uniq_nergalle
Orc:2:    st_orc_pillars, layout_caves, serial_shops, shop_coins,
          nicolae_orc_lost_temple, uniq_snorg
Elf:1:    eino_elf_arrival_sip, layout_rooms, gammafunk_ghost_split,
          evilmike_minifort, dk_noncrumbling_2, minmay_misc_feat_columns,
          sword_in_stone
Depths:1: layout_cross, kennysheep_cluttered_room, hangedman_tar_grid_catacomb,
          grunt_absolute_annihilation, minmay_shop_grove

Skill      XL: |  1  2  3  4  5  6  7  8  9 10 11 12 13 14 15 16 17 |
---------------+----------------------------------------------------+-----
Stealth        | 1 2 3 4 5 6 8 10 11 13 14 15 | 15.0
Dodging        | 5 6 7 8 10 11 12 14 15 16 17 18 | 18.1
Evocations     | 1 2 3 5 6 8 9 11 12 13 14 15 | 15.0
Short Blades   | 4 5 6 7 9 10 11 12 13 14 | 14.2
Fighting       | 3 4 5 6 7 8 9 10 | 10.1
Armour         | 2 4 5 6 7 8 9 |  9.0
Slings         | 1 5 6 8 10 | 10.0
Shields        | 2 |  2.3

Action                   |  1- 3 |  4- 6 |  7- 9 | 10-12 | 13-15 | 16-18 || total
-------------------------+-------+-------+-------+-------+-------+-------++-------
Melee: Short sword       |   122 |   167 |   199 |       |       |       ||   488
       Dagger            |       |       |    82 |   866 |  1557 |  1285 ||  3790
 Fire: Fustibalus        |       |       |       |       |       |    68 ||    68
Invok: Berserk           |     1 |     2 |     2 |     1 |     9 |     9 ||    24
       Trog's Hand       |       |       |     1 |     4 |     3 |     1 ||     9
       Brothers in Arms  |       |       |       |     1 |     3 |     2 ||     6
Evoke: Wand              |       |     2 |     1 |    31 |    31 |    31 ||    96
       Lightning rod     |       |       |       |       |     4 |     4 ||     8
  Use: Scroll            |     2 |     4 |     9 |    14 |    10 |     6 ||    45
       Potion            |       |       |     2 |     7 |     4 |     3 ||    16
 Stab: Sleeping          |     3 |     8 |    17 |    22 |    30 |     6 ||    86
       Paralysed         |       |     1 |     1 |     8 |     4 |     6 ||    20
       Distracted        |       |       |     2 |     1 |     5 |     3 ||    11
       Confused          |       |       |       |       |     1 |       ||     1
  Eat: Ration            |       |     1 |     4 |     8 |    14 |    11 ||    38
Armor: Animal skin       |    17 |     2 |       |       |       |       ||    19
       Robe              |       |     2 |     9 |     2 |       |       ||    13
       Skin              |       |       |       |    15 |       |       ||    15
       Steam dragon scal |       |       |       |    13 |       |       ||    13
       Acid dragon scale |       |       |       |    21 |    89 |    45 ||   155
       Troll leather arm |       |       |       |       |       |    27 ||    27
Dodge: Dodged            |   161 |    99 |   220 |   517 |   971 |   895 ||  2863
Block: Other             |       |       |       |       |       |    98 ||    98
       Buckler           |       |       |       |       |       |   100 ||   100
       Reflection        |       |       |       |       |       |     8 ||     8

Table legend:
 A = Non-vault XP
 B = Vault XP
 C = Vault XP percentage of total XP
 D = Non-vault monster count
 E = Vault monster count
 F = Vault count percentage of total count
                 A         B        C        D         E       F
            +---------+---------+-------+---------+---------+-------
      Total |   98838 |   63709 |  39.2 |     572 |     313 |  35.4
            +---------+---------+-------+---------+---------+-------
        D:1 |      44 |       4 |   8.3 |      24 |       4 |  14.3
        D:2 |      91 |       0 |   0.0 |      25 |       0 |   0.0
        D:3 |     266 |      38 |  12.5 |      35 |       1 |   2.8
        D:4 |     584 |     443 |  43.1 |      21 |      14 |  40.0
        D:5 |     755 |       0 |   0.0 |      17 |       0 |   0.0
        D:6 |     561 |     181 |  24.4 |      18 |       2 |  10.0
        D:7 |     864 |     215 |  19.9 |      14 |       1 |   6.7
        D:8 |    1812 |       0 |   0.0 |      14 |       0 |   0.0
        D:9 |    1297 |    1101 |  45.9 |      20 |      23 |  53.5
       D:10 |    2955 |       0 |   0.0 |      25 |       0 |   0.0
       D:11 |    5477 |    4218 |  43.5 |      31 |      12 |  27.9
       D:12 |    1569 |       0 |   0.0 |       6 |       0 |   0.0
       D:13 |    6849 |    8081 |  54.1 |      35 |      45 |  56.2
       D:14 |    8833 |    8842 |  50.0 |      29 |      20 |  40.8
       D:15 |    8712 |    2381 |  21.5 |      32 |       3 |   8.6
     Lair:1 |    1949 |     145 |   6.9 |      12 |       1 |   7.7
     Lair:2 |    6694 |    3942 |  37.1 |      25 |      13 |  34.2
     Lair:3 |   10395 |     734 |   6.6 |      32 |       2 |   5.9
     Lair:4 |    4457 |     477 |   9.7 |      21 |       7 |  25.0
     Lair:5 |    8409 |    3626 |  30.1 |      28 |      10 |  26.3
     Lair:6 |   12162 |    7990 |  39.6 |      34 |      25 |  42.4
   Spider:1 |    1561 |       0 |   0.0 |       2 |       0 |   0.0
      Orc:1 |    5958 |    3792 |  38.9 |      44 |      14 |  24.1
      Orc:2 |    1732 |   10588 |  85.9 |      24 |      57 |  70.4
   Depths:1 |    4852 |       0 |   0.0 |       4 |       0 |   0.0
     Bailey |       0 |    2253 | 100.0 |       0 |      39 | 100.0
      IceCv |       0 |    4658 | 100.0 |       0 |      20 | 100.0
            +---------+---------+-------+---------+---------+-------
